Map: Neon Violet Square LE

Players

DeMusliM - Winner!

  • Race: Terran Terran
  • League: Grandmaster
  • Spawn Location: 5:00

Lambo

  • Race: Zerg Zerg
  • League: Master
  • Spawn Location: 11:00

Event: WESG Barcelona European Finals 2017

VOD

Have the link to the VOD?

Description

Time

  • Played on: Nov. 24, 2017, 10:21 a.m.
  • Length: 16:20

All games in this series

Show
View Real Time Build Order
Export as new Build Order

DeMusliM Terran - Winner!

Build Orders: Command Center First (CC), Hellion Banshee, Mech 

Get SALT Encoding   

  12  0:00  SCV  
  13  0:13  SCV  
  14  0:17  Supply Depot  
  14  0:25  SCV  
  15  0:39  SCV  
  16  0:51  SCV  
  17  1:00  Command Center  
  17  1:03  SCV  
  18  1:14  Barracks  
  18  1:17  SCV  
  19  1:22  Refinery  
  19  1:29  SCV  
  20  1:33  Refinery  
  20  1:41  SCV  
  21  1:53  SCV  
  22  2:02  Reaper  
  22  2:05  Orbital Command  
  23  2:12  Orbital Command  
  23  2:19  Factory  
  23  2:25  Supply Depot  
  23  2:31  SCV  
  23  2:35  Barracks Reactor  
  24  2:37  SCV  
  24  2:43  SCV  
  26  2:51  SCV  
  26  2:57  SCV  
  28  3:04  Starport  
  28  3:06  SCV  
  28  3:09  SCV  
  30  3:14  Command Center  
  30  3:18  Hellion  
  30  3:19  SCV  
  33  3:21  Barracks Tech Lab  
  33  3:23  SCV  
  34  3:31  SCV, Hellion  
  37  3:35  SCV  
  38  3:44  SCV  
  38  3:47  SCV  
  38  3:48  Cloaking Field, Viking  
  42  3:54  Hellion  
  44  3:56  SCV  
  44  3:59  SCV  
  46  4:03  Supply Depot  
  46  4:09  SCV  
  46  4:13  Armory  
  46  4:14  Armory  
  46  4:25  SCV x2, Hellion x2, Banshee  
  46  4:28  Refinery  
  46  4:29  Refinery  
  46  4:30  Orbital Command  
  55  4:33  Supply Depot  
  55  4:37  SCV x2  
  57  4:49  SCV x2  
  57  4:51  Hellion x2  
  63  4:57  SCV  
  64  5:00  Terran Vehicle Weapons Level 1  
  64  5:01  SCV x2, Terran Vehicle And Ship Armor Level 1  
  66  5:09  SCV, Factory  
  66  5:13  SCV x2  
  69  5:15  Barracks Tech Lab  
  69  5:18  Factory  
  69  5:21  SCV, Hellion x2  
  73  5:23  Starport Reactor, Supply Depot  
  73  5:25  SCV  
  73  5:26  SCV  
  76  5:28  Refinery  
  76  5:30  Supply Depot  
  76  5:31  Supply Depot  
  76  5:32  Refinery  
  76  5:36  SCV  
  77  5:45  SCV, Hellion x2  
  79  5:58  SCV x2  
  79  6:02  Hellion x9, Siege Tank  
  71  6:13  SCV x2  
  71  6:14  SCV  
  71  6:18  Thor  
  80  6:19  Cyclone x2  
  86  6:28  Supply Depot x2  
  86  6:34  Siege Tank  
  86  6:36  SCV  
  87  6:50  SCV  
  77  6:54  Hellion x2  
  77  6:56  SCV x2  
  78  7:02  SCV  
  78  7:07  Siege Tank  
  78  7:08  Siege Tank  
  83  7:18  Hellion x2  
  82  7:24  SCV x2  
  82  7:25  SCV  
  85  7:34  Supply Depot  
  85  7:36  SCV x2  
  85  7:37  Terran Vehicle Weapons Level 2  
  87  7:38  SCV  
  87  7:41  Viking  
  90  7:48  SCV  
  90  7:49  SCV  
  90  7:50  SCV  
  90  7:51  Supply Depot, Hellion  
  96  7:52  Supply Depot, Hellion  
  96  7:53  Hellion  
  96  7:55  Terran Vehicle And Ship Armor Level 2  
  96  7:56  Hellion  
  101  8:01  SCV x2  
  101  8:04  Engineering Bay, Command Center  
  103  8:07  Hellion x2  
  103  8:10  Viking  
  103  8:12  Infernal Pre-Igniter  
  105  8:18  SCV x2  
  105  8:19  Supply Depot  
  107  8:21  Hellion  
  107  8:22  Hellion, Siege Tank  
  114  8:32  Supply Depot  
  114  8:37  Thor  
  120  8:43  Factory  
  120  8:44  Factory  
  120  8:46  Hellion  
  120  8:47  Hellion  
  124  8:48  Missile Turret  
  124  8:49  Missile Turret  
  124  8:50  SCV  
  124  8:51  Missile Turret  
  125  9:00  Medivac x2  
  129  9:08  Siege Tank  
  129  9:09  Hellion x2  
  136  9:20  Siege Tank  
  136  9:24  Supply Depot x2  
  139  9:30  Factory Tech Lab, Factory Reactor  
  139  9:31  Viking x2  
  143  9:39  Hellion  
  143  9:41  Siege Tank  
  143  9:44  Planetary Fortress  
  146  9:45  SCV  
  146  9:46  SCV  
  146  9:50  SCV  
  152  9:52  Siege Tank  
  152  9:58  SCV, Siege Tank  
  156  10:04  Refinery  
  156  10:05  Refinery  
  156  10:07  Hellion x2  
  156  10:08  Hellion x2  
  160  10:14  Terran Vehicle And Ship Armor Level 3  
  160  10:20  Siege Tank  
  163  10:22  SCV  
  163  10:23  SCV  
  163  10:26  Siege Tank  
  168  10:32  Hellion x2  
  168  10:33  Medivac  
  174  10:39  Hellion x2  
  176  10:48  Terran Vehicle Weapons Level 3  
  176  10:56  Viking  
  178  11:01  Supply Depot  
  178  11:02  Siege Tank  
  178  11:03  Viking  
  183  11:09  Siege Tank x2  
  185  11:25  Missile Turret  
  185  11:26  Missile Turret  
  185  11:27  Missile Turret  
  185  11:28  Hellion x2  
  185  11:29  Hellion x2  
  193  11:39  Siege Tank  
  196  11:40  Starport  
  196  11:49  Missile Turret  
  196  11:51  Missile Turret  
  196  11:55  Hellion x17  
  196  12:02  Missile Turret  
  196  12:07  Viking x2  
  194  12:14  Siege Tank  
  195  12:16  Siege Tank  
  195  12:19  Siege Tank  
  195  12:21  Hellion x2  
  169  12:32  Viking  
  163  12:40  Hellion  
  165  12:47  Siege Tank  
  165  12:48  Siege Tank  
  171  12:51  Siege Tank  
  171  12:52  Terran Ship Weapons Level 1  
  171  12:54  Hellion  
  164  13:00  Viking x2  
  166  13:08  Hellion  
  166  13:09  Hellion  
  166  13:10  Hellion  
  170  13:16  Hellion  
  170  13:19  Siege Tank  
  175  13:20  Siege Tank  
  175  13:22  Command Center  
  175  13:23  Siege Tank  
  181  13:32  Hellion  
  170  13:42  Hellion x2  
  174  13:51  Siege Tank  
  174  13:52  Siege Tank  
  180  13:56  Factory x2  
  180  14:04  Viking x3  
  186  14:15  Siege Tank  
  186  14:16  Hellion  
  186  14:17  Hellion  
  190  14:28  Thor  
  196  14:34  Missile Turret x2  
  196  14:36  Missile Turret  
  196  14:41  Viking  
  196  14:42  Viking  
  196  14:43  Viking  
  200  14:57  Thor  
  197  15:11  Viking  
  199  15:18  Starport, Command Center  
  187  15:30  Thor  
  187  15:31  Factory Tech Lab x2  
  185  15:36  Viking  
  185  15:37  Starport Tech Lab  
Show
View Real Time Build Order
Export as new Build Order

Lambo Zerg 

Build Orders: Hatch First 

Get SALT Encoding   

  12  0:00  Drone  
  13  0:13  Overlord  
  13  0:18  Drone  
  14  0:31  Drone x2  
  16  0:37  Drone  
  17  0:53  Hatchery  
  16  0:57  Drone  
  16  1:02  Drone  
  18  1:12  Extractor  
  18  1:17  Spawning Pool  
  16  1:20  Drone  
  16  1:23  Drone  
  18  1:29  Drone  
  19  1:40  Overlord  
  19  1:50  Drone  
  20  2:04  Zergling x2, Queen  
  20  2:05  Zergling x2, Queen  
  26  2:12  Metabolic Boost  
  26  2:15  Drone  
  27  2:18  Drone  
  27  2:22  Drone  
  29  2:28  Drone  
  30  2:43  Hatchery  
  29  2:46  Drone  
  29  2:51  Pneumatized Carapace  
  30  2:54  Drone  
  31  2:59  Overlord  
  31  3:02  Drone  
  31  3:05  Drone  
  33  3:07  Drone  
  33  3:12  Drone x2  
  36  3:19  Drone x3  
  39  3:25  Queen  
  41  3:28  Overlord  
  41  3:31  Drone  
  41  3:33  Drone  
  43  3:37  Drone  
  44  3:46  Overlord  
  44  3:48  Drone x4  
  46  3:51  Zergling x4  
  50  3:56  Lair  
  50  3:58  Zergling x2  
  50  4:02  Queen  
  51  4:06  Drone  
  51  4:07  Drone  
  55  4:10  Extractor x2  
  55  4:13  Roach Warren  
  55  4:14  Drone  
  53  4:18  Spore Crawler  
  53  4:19  Drone  
  53  4:22  Drone  
  53  4:23  Drone  
  55  4:27  Spore Crawler  
  55  4:29  Drone  
  55  4:30  Spore Crawler  
  54  4:36  Queen, Drone  
  57  4:40  Overlord  
  57  4:50  Overlord  
  57  4:55  Nydus Network, Queen  
  57  4:58  Queen  
  60  5:00  Overseer  
  60  5:02  Roach  
  60  5:06  Roach x2  
  66  5:11  Roach  
  66  5:14  Roach  
  70  5:16  Roach  
  70  5:18  Overlord  
  72  5:21  Roach  
  72  5:24  Overlord  
  74  5:39  Nydus Canal  
  74  5:40  Roach x4  
  82  5:44  Zergling x4, Roach  
  82  5:45  Zergling x2  
  82  5:48  Roach  
  82  6:05  Nydus Canal, Roach  
  82  6:06  Roach x2, Overlord  
  82  6:10  Roach  
  82  6:11  Queen  
  74  6:13  Roach  
  74  6:18  Zergling x4  
  80  6:25  Nydus Canal  
  80  6:26  Zergling x6  
  80  6:28  Zergling x2  
  80  6:31  Roach  
  86  6:33  Roach  
  86  6:35  Drone  
  86  6:39  Drone x2  
  91  6:42  Drone  
  91  6:45  Roach  
  93  6:53  Drone x3  
  87  6:55  Nydus Canal  
  87  6:56  Drone x2  
  87  6:58  Drone  
  87  7:01  Drone  
  81  7:03  Drone x2  
  81  7:07  Drone  
  78  7:08  Queen  
  78  7:14  Drone x2  
  77  7:22  Drone x2  
  72  7:25  Drone, Infestation Pit  
  72  7:27  Queen  
  72  7:28  Evolution Chamber  
  72  7:29  Evolution Chamber  
  72  7:31  Drone  
  72  7:32  Drone x2  
  72  7:34  Drone x2  
  77  7:41  Drone x2  
  77  7:43  Roach  
  81  7:44  Glial Reconstitution  
  81  7:48  Extractor x2  
  81  7:49  Drone  
  80  7:52  Extractor  
  80  7:55  Roach  
  80  7:56  Zerg Missile Weapons Level 1  
  81  7:58  Zerg Ground Armor Level 1  
  81  8:00  Drone  
  81  8:03  Overlord  
  82  8:08  Overlord  
  82  8:10  Overlord  
  82  8:15  Hatchery, Hive  
  82  8:16  Drone  
  82  8:22  Drone x3  
  82  8:23  Zergling x2  
  82  8:24  Drone  
  87  8:29  Roach  
  87  8:30  Hydralisk Den, Drone, Roach  
  87  8:33  Drone x2  
  93  8:36  Drone x2  
  93  8:38  Drone x2  
  97  8:41  Drone x3  
  97  8:45  Drone x2  
  97  8:46  Drone  
  103  8:52  Overseer  
  103  8:55  Extractor  
  102  8:56  Extractor  
  102  8:59  Hydralisk x2  
  105  9:04  Overlord  
  105  9:05  Overlord  
  105  9:07  Overlord  
  105  9:09  Overlord  
  105  9:15  Overlord  
  104  9:20  Ravager  
  104  9:22  Overlord  
  105  9:24  Roach x4  
  105  9:27  Viper x2, Drone x3  
  105  9:29  Viper  
  105  9:30  Viper  
  128  9:32  Drone x3  
  128  9:36  Queen  
  131  9:41  Queen  
  131  9:45  Hydralisk, Roach x3  
  139  9:51  Hydralisk, Zerg Missile Weapons Level 2  
  139  9:52  Hydralisk  
  145  9:56  Hydralisk x2  
  149  10:01  Overseer  
  149  10:04  Hydralisk x2  
  149  10:05  Overlord  
  153  10:07  Overlord  
  153  10:08  Overlord  
  153  10:15  Spine Crawler  
  153  10:16  Drone x2, Spine Crawler  
  153  10:25  Hydralisk x3  
  153  10:26  Hydralisk x2  
  163  10:30  Overseer  
  163  10:31  Zerg Ground Armor Level 2  
  163  10:34  Drone x2  
  163  10:35  Spine Crawler  
  162  10:40  Queen  
  162  10:41  Hydralisk x4  
  170  10:50  Hydralisk x4  
  170  10:54  Hydralisk x2  
  182  11:03  Overseer, Overlord  
  182  11:14  Overlord  
  182  11:16  Muscular Augments, Overlord  
  182  11:18  Overlord  
  182  11:20  Overlord x2  
  182  11:22  Overlord  
  182  11:24  Overlord  
  182  11:32  Queen, Overlord  
  184  11:35  Hydralisk x5, Overlord  
  184  11:37  Viper  
  197  11:45  Hydralisk  
  199  11:52  Hatchery  
  195  12:02  Hydralisk x2  
  196  12:12  Evolution Chamber  
  196  12:14  Evolution Chamber  
  194  12:16  Overlord  
  194  12:18  Hydralisk x4  
  184  12:23  Hydralisk x2, Roach  
  184  12:24  Roach x9  
  184  12:26  Hydralisk x2  
  175  12:31  Hydralisk  
  175  12:36  Hydralisk x3  
  161  12:40  Hydralisk  
  163  12:47  Hydralisk x3  
  167  12:55  Hydralisk  
  167  12:56  Hydralisk  
  161  12:59  Hydralisk  
  161  13:00  Hydralisk x3  
  161  13:03  Hydralisk x2  
  173  13:06  Hydralisk  
  173  13:12  Hydralisk x6  
  165  13:17  Viper x2  
  179  13:21  Viper  
  179  13:23  Hydralisk  
  179  13:24  Hydralisk  
  181  13:30  Hydralisk x2, Overlord  
  181  13:38  Hydralisk x3  
  163  13:42  Drone x7  
  163  13:45  Extractor x2  
  162  13:48  Hydralisk x2  
  162  13:52  Hydralisk  
  166  13:56  Hydralisk x3  
  172  14:03  Hydralisk x2  
  174  14:14  Hydralisk x2  
  174  14:15  Hydralisk x2  
  176  14:27  Hydralisk  
  176  14:30  Hydralisk  
  179  14:33  Hatchery  
  179  14:37  Hydralisk x2  
  177  14:48  Hydralisk x3  
  181  14:58  Hydralisk  
  181  14:59  Hydralisk x2  
  179  15:07  Overseer  
  179  15:11  Hydralisk x3  
  184  15:15  Viper  
  166  15:31  Hydralisk x3  
  161  15:38  Drone x3  
  160  15:51  Hydralisk x2  
Tags
 
Add a new tag
Caveats
  • Supply blocks, unpowered buildings, or Contaminate may cause inaccurate times.
  • Supply counts are checked every 10 seconds.